 Dungeon Crawl Stone Soup version 0.17-a0-1802-g9847487 (webtiles) character file.

9 Greshnik the Grave Robber (level 2, -7/24 HPs)
             Began as a Troll Necromancer on Sept 11, 2015.
             Mangled by a worm (11 damage)
             ... on level 2 of the Dungeon.
             The game lasted 00:19:09 (210 turns).

Greshnik the Grave Robber (Troll Necromancer)        Turns: 210, Time: 00:19:09

Health: -7/24      AC:  5    Str: 15    XL:     2   Next: 6%
Magic:  2/3        EV:  9    Int: 11    God:
Gold:   24         SH:  0    Dex: 10    Spells: 1 memorised, 3 levels left

rFire  . . .     SeeInvis .     (no weapon)
rCold  . . .     Clarity  .     a - +0 robe
rNeg   . . .     SustAt   .     (no shield)
rPois  .         Gourm    +     (helmet restricted)
rElec  .         Spirit   .     (no cloak)
rCorr  .         Warding  .     (gloves unavailable)
rMut   .         Stasis   .     (boots unavailable)
MR     .....                    (no amulet)
Stlth  +.........               (no ring)
                                (no ring)

@: very slightly contaminated, invisible (expiring), not resistant to hostile
enchantments, very unstealthy
A: unfitting armour, claws 3, fast metabolism 3, gourmand, regeneration 2,
shaggy fur 1, tough skin 2
a: no special abilities


You were on level 2 of the Dungeon.
You were not hungry.

You visited 1 branch of the dungeon, and saw 2 of its levels.

You collected 24 gold pieces.

Inventory:

Armour
 a - a +0 robe (worn)
Potions
 g - a potion of resistance
Books
 b - a book of Necromancy

   Spells                             Type                      Level
   a - Pain                           Necromancy                   1
   b - Animate Skeleton               Necromancy                   1
   c - Vampiric Draining              Necromancy                   3
   d - Regeneration                   Charms/Necromancy            3
   e - Animate Dead                   Necromancy                   4
   f - Control Undead                 Necromancy                   4
Comestibles
 c - 2 bread rations
 d - 4 chunks of flesh


   Skills:
 - Level 0.1 Fighting
 - Level 1.5 Dodging
 - Level 1.1 Stealth
 + Level 1.7 Spellcasting
 - Level 3.2 Necromancy


You had 3 spell levels left.
You knew the following spells:

 Your Spells              Type           Power        Failure   Level  Hunger
b - Animate Skeleton      Necr           N/A          10%         1    ##.....


Dungeon Overview and Level Annotations

Branches:
Dungeon (2/15)

Altars:


Innate Abilities, Weirdness & Mutations

You are too large for most types of armour.
You have claws for hands.
Your metabolism is lightning-fast.
You like to eat raw meat.
You heal very quickly.
You are covered in fur (AC +1).
You have very tough skin (AC +2).


Message History

Press: ? - help, Dir - move target cursor, f - worm
Aim: a worm (severely wounded) Attack!
The kobold hits you but does no damage. The worm bites you.
* * * LOW HITPOINT WARNING * * *
The giant newt bites you but does no damage.
You miss the giant newt.
You flicker for a moment.
Your goblin skeleton hits the worm with a dagger.
The kobold barely misses you. The giant newt barely misses you.
You closely miss the giant newt.
Your goblin skeleton hits the worm but does no damage.
The kobold hits you.
* * * LOW HITPOINT WARNING * * *
The worm bites your goblin skeleton!
Your goblin skeleton is destroyed!
The giant newt barely misses you.
You completely miss the giant newt. The kobold barely misses you.
The giant newt barely misses you.
You closely miss the giant newt. The worm bites you!
You die...

...........#... #..#
#K...........# #..#
.###..#........######..##
......#...g.............#
.........#.#........[...#
........)w..............###
..........#...............#
....#.#..###w)............#
.## #.##..l@K........#....#
. ######....#####....## .#
#..#..####...... ..
##.....#........ #$
####...........
#....##...... ..##.##......
. #..####.## #.####.#


You could see a worm, a kobold and a giant newt.

Vanquished Creatures
  A ball python (D:1)
  A bat (D:2)
  2 goblins
  2 hobgoblins (D:2)
  2 rats (D:2)
8 creatures vanquished.

Notes
Turn   | Place    | Note
--------------------------------------------------------------
     0 | D:1      | Greshnik the Troll Necromancer began the quest for the Orb.
     0 | D:1      | Reached XP level 1. HP: 16/16 MP: 1/1
    10 | D:1      | Learned a level 1 spell: Animate Skeleton
   179 | D:2      | Reached XP level 2. HP: 24/24 MP: 3/3
   210 | D:2      | Mangled by a worm

Vault maps used:
D:1:      lemuel_arrival_behind_the_door_small
D:2:      nicolae_qazlal_eye_of_the_storm

Action                   || total
-------------------------++-------
Melee: Unarmed           ||    45
 Cast: Animate Skeleton  ||     3
  Use: Scroll            ||     4
       Potion            ||     1
 Stab: Invisible         ||     2
